 Dungeon Crawl Stone Soup version 0.21.0-24-g2553a33 (webtiles) character file.

22 Coron the Chopper (level 2, -3/18 HPs)
             Began as an Octopode Wanderer on Jan 21, 2018.
             Slain by a hobgoblin (5 damage)
             ... on level 1 of the Dungeon.
             The game lasted 00:03:38 (379 turns).

Coron the Chopper (Octopode Wanderer)                Turns: 379, Time: 00:03:39

Health: -3/18      AC:  1    Str: 11    XL:     2   Next: 91%
Magic:  1/4        EV: 12    Int: 13    God:
Gold:   13         SH:  0    Dex: 12    Spells: 0/3 levels left

rFire    . . .     SeeInvis .   b - +0 hand axe
rCold    . . .     Gourm    .   (no shield)
rNeg     . . .     Faith    .   (helmet restricted)
rPois    .         Spirit   .   (no amulet)
rElec    .         Reflect  .   (no ring)
rCorr    .         Harm     .   (no ring)
MR       .....                  (no ring)
Stlth    +++.......             (no ring)
HPRegen  0.06/turn              (no ring)
MPRegen  0.09/turn              (no ring)
                                (no ring)
                                (no ring)

@: very slightly contaminated
A: almost no armour, stealthy swim, amphibious, 8 rings, constrict 8, camouflage
1, gelatinous body 1
a: no special abilities


You were on level 1 of the Dungeon.
You were not hungry.

You visited 1 branch of the dungeon, and saw 1 of its levels.

You collected 13 gold pieces.

Inventory:

Hand Weapons
 b - a +0 hand axe (weapon)
 e - a +2 dagger of venom
Scrolls
 g - a scroll of enchant armour {unknown}
 h - a scroll of enchant weapon {unknown}
Books
 a - a book of Minor Magic

   Spells                             Type                      Level
   a - Magic Dart                     Conjuration                  1
   b - Blink                          Translocation                2
   c - Call Imp                       Summoning                    2
   d - Slow                           Hexes                        2
   e - Conjure Flame                  Conjuration/Fire             3
   f - Mephitic Cloud                 Conjuration/Poison/Air       3
 c - the Papyrus of Stolen Souls

   Spells                             Type                      Level
   a - Corpse Rot                     Necromancy                   2
   b - Sublimation of Blood           Necromancy                   2
Comestibles
 d - a ration
 f - 7 chunks of flesh


   Skills:
 + Level 1.0 Fighting
 - Level 3.0 Axes
 - Level 1.0 Throwing
 * Level 3.0 Stealth
 + Level 1.4 Spellcasting
   Level 2.0 Charms
   Level 2.0 Necromancy


You couldn't memorise any spells.
You knew the following spells:

 Your Spells              Type           Power        Failure   Level  Hunger
a - Magic Dart            Conj           #...         26%         1    ##.....
b - Call Imp              Summ           #.......     38%         2    ###....


Dungeon Overview and Level Annotations

Branches:
Dungeon (1/15)

Altars:


Innate Abilities, Weirdness & Mutations

You cannot wear most types of armour.
You are very stealthy in the water. (Stealth+)
You are amphibious.
You can wear up to eight rings at the same time.
You can use your tentacles to constrict eight enemies at once.
Your skin changes colour to match your surroundings (Stealth+).
Your rubbery body absorbs attacks. (AC +1, EV +1)


Message History

You hit the hobgoblin.
You squeeze the hobgoblin, but do no damage.
The hobgoblin is moderately wounded.
You constrict the hobgoblin.
Your crimson imp disappears in a puff of smoke!
The hobgoblin hits you.
* * * LOW HITPOINT WARNING * * *
The hobgoblin barely misses you.
Casting: Call Imp
Confirm with . or Enter, or press ? or * to list all spells.
You miscast Call Imp.
You are very lightly contaminated with residual magic.
Nothing appears to happen.
You constrict the hobgoblin. The hobgoblin hits you.
* * * LOW HITPOINT WARNING * * *
You release your grip on the hobgoblin.
You hit the goblin.
You kill the goblin!
You barely miss the frilled lizard. The frilled lizard closely misses you.
The hobgoblin hits you.
You die...

##.....#####.# #'#.#
#..###......# #<#.#
#.........#####+#.#
##.#######.....#...#
#..#..#######..###..###
...................##
#.##...######....### #
#.K## #..)#### #...?#
#.#..@)####
#.##...##.##hlg...# #.
#....##......# ..
#....###......#
##.................##
[#.......#######..#
...........######.#
....##(..#.....)..####
.... ........l.......#


You could see a jackal, a hobgoblin and a frilled lizard.

Vanquished Creatures
  2 dart slugs (D:1)
  A ball python (D:1)
  A giant cockroach (D:1)
  4 goblins (D:1)
  2 jackals (D:1)
  A frilled lizard (D:1)
  2 kobolds (D:1)
  5 rats (D:1)
18 creatures vanquished.

Notes
Turn   | Place    | Note
-------+----------+-------------------------------------------
     0 | D:1      | Coron the Octopode Wanderer began the quest for the Orb.
     0 | D:1      | Coron set off with: a book of Minor Magic, a +0 hand axe, the Papyrus of Stolen Souls, a ration
     0 | D:1      | Reached XP level 1. HP: 11/11 MP: 2/2
     0 | D:1      | Identified the Papyrus of Stolen Souls
     2 | D:1      | Learned a level 1 spell: Magic Dart
   220 | D:1      | Reached XP level 2. HP: 18/18 MP: 0/3
   255 | D:1      | Learned a level 2 spell: Call Imp
   361 | D:1      | Reached skill level 1 in Fighting
   379 | D:1      | Slain by a hobgoblin

Skill      XL: |  1  2 |
---------------+-------+-----
Stealth        | 2 3 |  3.0
Fighting       | 1 |  1.0
Axes           | |  3.0
Throwing       | |  1.0
Spellcasting   | |  1.4
Charms         | |  2.0
Necromancy     | |  2.0

Action                   || total
-------------------------++-------
Melee: Hand axe          ||    27
       Constrict         ||     6
       Tentacles         ||     5
 Cast: Magic Dart        ||     4
       Call Imp          ||     1
 Stab: Sleeping          ||     3
Armor: Skin              ||     1
Dodge: Dodged            ||    22
